 Dungeon Crawl Stone Soup version 0.31.0-32-g396128a36d (webtiles) character file.

Game seed: 17544900556461600394

49 tizbic2 the Cudgeller (level 3, -6/26 (30) HPs)
             Began as a Ghoul Reaver on Mar 24, 2024.
             Mangled by a gnoll
             ... wielding a +0 club
              (8 damage)
             ... on level 2 of the Dungeon.
             The game lasted 00:05:20 (1363 turns).

tizbic2 the Cudgeller (Ghoul Reaver)                Turns: 1363, Time: 00:05:21

HP:   -6/26 (30)    AC:  5    Str: 15    XL:     3   Next: 77%
MP:   1/5           EV: 10    Int: 14    God:
Gold: 60            SH:  0    Dex:  7    Spells: 4/5 levels left

rFire   . . .        c - staff of earth
rCold   + . .        (no shield)
rNeg    + + +        d - +0 ring mail
rPois   ∞            (no helmet)
rElec   .            (no cloak)
rCorr   .            (no gloves)
SInv    .            (no boots)
Will    .....        (no amulet) Stlth
                     (no ring)
HPRegen 0.00/turn    (no ring)
MPRegen 0.09/turn

%: no passive effects
@: very slightly contaminated, inhibited regen, heavily drained
A: claws 1, cold resistance 1, negative energy resistance 3, inhibited
regeneration, torment resistance 2, devour on kill
a: no special abilities


You were on level 2 of the Dungeon.
You visited 1 branch of the dungeon, and saw 2 of its levels.

You collected 60 gold pieces.

Inventory:

Hand Weapons
 a - a +0 mace
Armour
 b - a +0 leather armour
 d - a +0 ring mail (worn)
Magical Staves
 c - a staff of earth (weapon)
Scrolls
 e - a scroll of teleportation
 f - a scroll of enchant armour {unknown}


   Skills:
 + Level 2.4 Fighting
 - Level 2.6(2.8) Maces & Flails
 * Level 1.1(2.1) Staves
 + Level 0.5 Armour
 - Level 1.7 Dodging
 + Level 1.7 Spellcasting
 - Level 2.4 Conjurations
 + Level 0.1 Ice Magic
 * Level 1.5 Earth Magic
 * Level 1.4 Evocations


You had 4 spell levels left.
You knew the following spells:

 Your Spells              Type           Power      Damage    Failure   Level
a - Kiss of Death         Conj/Necr      16%        2d6       30%         1

Your spell library contained the following spells:

 Spells                   Type           Power      Damage    Failure   Level
 Magic Dart               Conj           32%        1d4       19%         1
 Freeze                   Ice            4%         1d3       41%         1
 Momentum Strike          Conj/Tloc      8%         3d8       41%         2
 Blink                    Tloc           2%         N/A       58%         2
 Call Imp                 Summ           2%         N/A       58%         2
 Hailstorm                Conj/Ice       4%         3d5       65%         3
 Frozen Ramparts          Ice            2%         1d1       80%         3
 Volatile Blastmotes      Fire/Tloc      2%         2d10      82%         3
 Fulminant Prism          Conj/Alch      2%         3d5       96%         4
 Iskenderun's Mystic Bla  Conj/Tloc      4%         2d3       96%         4


Dungeon Overview and Level Annotations

Branches:
Dungeon (2/15)

Altars:


Innate Abilities, Weirdness & Mutations

You are immune to poison.
You have sharp fingernails.
Your flesh is cold resistant. (rC+)
You are immune to negative energy. (rN+++)
You do not regenerate when monsters are visible.
You are immune to unholy pain and torment.
You thrive by killing the living.


Message History

The gnoll hits you with a +0 whip.
You hit the gnoll but do no damage.
The gnoll is lightly wounded.
The gnoll hits you but does no damage.
You hit the gnoll.
The ground beneath the gnoll fractures.
The gnoll is moderately wounded.
The gnoll hits you with a +0 whip.
You barely miss the gnoll.
The gnoll is moderately wounded.
The gnoll barely misses you.
Aiming: Kiss of Death (safe; 30% risk of failure)
Press: ? - help, Q - select action Shift-Dir - straight line, f - gnoll
Aim: a gnoll, wielding a +0 whip (moderately wounded, 100% to hit)
The negative energy hits the gnoll!
The gnoll is drained!
You kill the gnoll!
You feel drained.
You barely miss the gnoll. The gnoll hits you but does no damage.
You barely miss the gnoll. The gnoll hits you with a +0 club!
* * * LOW HITPOINT WARNING * * *
Aiming: Kiss of Death (safe; 30% risk of failure)
Press: ? - help, Q - select action Shift-Dir - straight line, f - gnoll
Aim: a gnoll, wielding a +0 club (100% to hit)
You miscast Kiss of Death.
You are very lightly contaminated with residual magic.
Nothing appears to happen.
The gnoll hits you but does no damage.
Aiming: Kiss of Death (safe; 30% risk of failure)
Press: ? - help, Q - select action Shift-Dir - straight line, f/p - gnoll
Aim: a gnoll, wielding a +0 club (100% to hit)
You miscast Kiss of Death.
Nothing appears to happen.
The gnoll hits you with a +0 club.
* * * LOW HITPOINT WARNING * * *
Aiming: Kiss of Death (safe; 30% risk of failure)
Press: ? - help, Q - select action Shift-Dir - straight line, f/p - gnoll
Aim: a gnoll, wielding a +0 club (100% to hit)
You miscast Kiss of Death.
Nothing appears to happen.
The gnoll hits you but does no damage.
Unknown command.
You barely miss the gnoll. The gnoll hits you with a +0 club!
You die...

## .. #####
#. #...#
#######.
######.#.#
........
#....#.#.#
........
#....#.#.#
........
##....#.#@#
.......<
#'....'.#g#
#####...
##....###)#
........
#....# #.#
###.####
#.#### #.#
.. #.# ...
.# #.####
#.# #....#
#.# #.##.#
#..


You could see a gnoll.

Vanquished Creatures
  A gnoll (D:2)
  6 ball pythons
  5 bats (D:1)
  5 endoplasms
  2 goblins (D:1)
  A hobgoblin (D:1)
  8 jackals (D:1)
  2 quokkas (D:1)
  5 rats
35 creatures vanquished.

Notes
Turn   | Place    | Note
-------+----------+-------------------------------------------
     0 | D:1      | tizbic2 the Ghoul Reaver began the quest for the Orb.
     0 | D:1      | Reached XP level 1. HP: 17/17 MP: 3/3
   292 | D:1      | Reached XP level 2. HP: 20/24 MP: 4/4
   606 | D:1      | Reached skill level 1 in Evocations
   608 | D:1      | Reached skill level 1 in Earth Magic
   652 | D:1      | Reached skill level 1 in Staves
   652 | D:1      | Reached XP level 3. HP: 29/30 MP: 5/5
  1363 | D:2      | Mangled by a gnoll

Illustrated notes

Levels and vault maps discovered:
D:1:      roderic_chinese_lattice_arrival, layout_loops_corners,
          minmay_pentomino_u2
D:2:      layout_basic, moated_statue, nicolae_the_louvre

Skill      XL: |  1  2 |
---------------+-------+-----
Evocations     | 1 |  1.4
Earth Magic    | 1 |  1.5
Staves         | 1 |  1.1
Fighting       | |  2.4
Maces & Flails | |  2.6
Armour         | |  0.5
Dodging        | |  1.7
Spellcasting   | |  1.7
Conjurations   | |  2.4
Ice Magic      | |  0.1

Action                     || total
---------------------------++-------
  Melee: Staff             ||   207
         Punch             ||     4
   Cast: Kiss of Death     ||     1
    Use: Scroll            ||     2
         Potion            ||     1
 Armour: Leather armour    ||     8
         Ring mail         ||   147
  Dodge: Dodged            ||   129
